 Dungeon Crawl Stone Soup version 0.25-a0-949-gdd2af9e06e (webtiles) character file.

Game seed: 11455656375630765992, levelgen mode: deterministic

21 Flugslaktarn the Chopper (level 2, -7/27 HPs)
             Began as a Minotaur Berserker on May 8, 2020.
             Was a Follower of Trog.
             Mangled by a kobold
             ... wielding a +4 dagger of electrocution
              (16 damage)
             ... on level 1 of the Dungeon.
             The game lasted 00:00:21 (565 turns).

Flugslaktarn the Chopper (Minotaur Berserker)        Turns: 565, Time: 00:00:21

Health: -7/27      AC:  2    Str: 21    XL:     2   Next: 65%
Magic:  1/1        EV: 11    Int:  4    God:    Trog [*.....]
Gold:   13         SH:  4    Dex:  9    Spells: 1/1 levels left

rFire    . . .     SeeInvis .   a - +0 hand axe
rCold    . . .     Gourm    .   j - +2 buckler
rNeg     . . .     Faith    .   b - +0 animal skin
rPois    .         Spirit   .   (helmet restricted)
rElec    .         Reflect  .   (no cloak)
rCorr    .         Harm     .   (no gloves)
MR       .....                  (no boots)
Stlth    +.........             (no amulet)
HPRegen  0.09/turn              (no ring)
MPRegen  0.07/turn              (no ring)

@: no status effects
A: retaliatory headbutt, horns 2
a: Berserk, Renounce Religion


You were on level 1 of the Dungeon.
You worshipped Trog.
Trog was aware of your devotion.
You were not hungry.

You visited 1 branch of the dungeon, and saw 1 of its levels.

You collected 13 gold pieces.

Inventory:

Hand Weapons
 a - a +0 hand axe (weapon)
Armour
 b - a +0 animal skin (worn)
 j - a +2 buckler (worn)
   (You found it on level 1 of the Dungeon)
Jewellery
 i - an uncursed ring of stealth {unknown}
   (You found it on level 1 of the Dungeon)
Scrolls
 h - a scroll of identify {unknown}
Potions
 c - a potion of brilliance {unknown}
 f - a potion of ambrosia {unknown}
 g - a potion of curing {unknown}
Comestibles
 d - 8 chunks of flesh
 e - 3 rations


   Skills:
 + Level 3.9 Fighting
 * Level 4.1 Axes
 + Level 2.8 Armour
 + Level 2.5 Dodging


You had one spell level left.
You didn't know any spells.
Your spell library was empty.

Dungeon Overview and Level Annotations

Branches:
Dungeon (1/15)

Altars:


Innate Abilities, Weirdness & Mutations

You reflexively headbutt those who attack you in melee.
You have a pair of horns on your head.


Message History

There are monsters nearby!
The goblin shouts!
You hear a shout!
A kobold comes into view.
It is wielding a +4 dagger of electrocution.
Found 15 gold pieces.
You hit the goblin but do no damage. The goblin barely misses you.
The goblin misses you. The rat bites you but does no damage.
You barely miss the goblin. You headbutt the goblin.
You kill the goblin!
Trog accepts your kill.
You closely miss the rat. The rat bites you.
You hit the rat.
You kill the rat!
Trog accepts your kill.
The kobold hits you with a +4 dagger of electrocution.
You are electrocuted!
You barely miss the kobold. Your headbutt misses the kobold.
The kobold hits you with a +4 dagger of electrocution.
You are electrocuted!
Ouch! That really hurt!
You die...

#.######... #........
#...)...... #...$....
########... #.......##
#.... #........ #....
#.......###### #....
#............# #....
#......K.....# #....
#.....@.....# ###.#
#......)....# #.#
#.#.#.####### #####.#
###.#.#.###########......
#...................##'##
#.#.#.#.####.......##.⌠.#
#.......####......##...##
#.#.#............##...##.
#.#.#...........##...##..


You could see a kobold.

Vanquished Creatures
  3 leopard geckos (D:1)
  A bat (D:1)
  A giant cockroach (D:1)
  3 goblins (D:1)
  4 hobgoblins (D:1)
  2 frilled lizards (D:1)
  2 rats (D:1)
16 creatures vanquished.

Notes
Turn   | Place    | Note
-------+----------+-------------------------------------------
     0 | D:1      | Flugslaktarn the Minotaur Berserker began the quest for the
                  | Orb.
     0 | D:1      | Reached XP level 1. HP: 19/19 MP: 0/0
   149 | D:1      | Reached XP level 2. HP: 24/27 MP: 1/1
   261 | D:1      | Reached skill level 4 in Axes
   565 | D:1      | Mangled by a kobold

Levels and vault maps discovered:
D:1:      enne_arrival_octagon_isle, layout_basic, grunt_decor_arrowhead

Skill      XL: |  1  2 |
---------------+-------+-----
Axes           | 4 |  4.1
Fighting       | |  3.9
Armour         | |  2.8
Dodging        | |  2.5

Action                   || total
-------------------------++-------
Melee: Hand axe          ||    45
       Headbutt          ||     5
Armor: Animal skin       ||     7
Dodge: Dodged            ||    29
Block: Buckler           ||     1

Table legend:
 A = Non-vault XP
 B = Vault XP
 C = Vault XP percentage of total XP
 D = Non-vault monster count
 E = Vault monster count
 F = Vault count percentage of total count
                 A         B        C        D         E       F
            +---------+---------+-------+---------+---------+-------
      Total |      31 |       0 |   0.0 |      16 |       0 |   0.0
            +---------+---------+-------+---------+---------+-------
        D:1 |      31 |       0 |   0.0 |      16 |       0 |   0.0
            +---------+---------+-------+---------+---------+-------
